 Dungeon Crawl Stone Soup version 0.32-a0-995-gb4a59205af (webtiles) character file.

Game seed: 16187366920948231122

150469 GnamariM the Eclecticist (level 16, -11/88 HPs)
             Began as a Deep Elf Conjurer on Apr 22, 2024.
             Was the Champion of Vehumet.
             Killed from afar by Aizul (31 damage)
             ... with a poison arrow
             ... on level 3 of the Snake Pit on Apr 23, 2024.
             The game lasted 01:52:44 (40332 turns).

GnamariM the Eclecticist (Deep Elf Conjurer)       Turns: 40332, Time: 01:52:45

Health: -11/88     AC: 14    Str:  4    XL:     16   Next: 98%
Magic:  27/38      EV: 17    Int: 41    God:    Vehumet [******]
Gold:   1162       SH:  5    Dex:  8    Spells: 19/47 levels left

rFire   . . .        k - staff of earth
rCold   . . .        d - orb {*channel}
rNeg    + + .        T - +2 robe {rN+}
rPois   .            y - +2 helmet of the Iron Devil {rN+ Int+3 Dex-5}
rElec   .            N - +2 cloak {Will+}
rCorr   .            Z - +0 pair of gloves
SInv    +            m - +1 pair of boots
Will    ++...        h - amulet of reflection
Stlth   +++          o - +6 ring of intelligence
HPRegen 0.34/turn    X - ring of the Enemy {EV+5 SInv}
MPRegen 0.26/turn

%: reflection, channel magic (20%)
@: lethally poisoned (-11 -> -76)
A: no striking features
a: Renounce Religion


You were on level 3 of the Snake Pit.
You worshipped Vehumet.
Vehumet was exalted by your worship.
You visited 5 branches of the dungeon, and saw 26 of its levels.
You also visited: Sewer, Bailey, Gauntlet and Volcano.

You collected 3605 gold pieces.
You spent 2443 gold pieces at shops.

Inventory:

Armour
 d - an orb of energy (worn)
 l - a +2 tower shield
 m - a +1 pair of boots (worn)
 y - the +2 helmet of the Iron Devil (worn) {rN+ Int+3 Dex-5}
   (You found it in a Gauntlet)

   Int+3:     It affects your intelligence (+3).
   Dex-5:     It affects your dexterity (-5).
   rN+:       It protects you from negative energy.
 E - the +0 cloak of the Thief {Quiet Slay-3 SInv Stlth+}
   (You found it on level 1 of the Snake Pit)

   Quiet:     All noise in your surroundings is dampened.
   Slay-3:    It affects your accuracy & damage with ranged weapons and melee
   (-3).
   SInv:      It lets you see invisible.
   Stlth+:    It makes you more stealthy.
 N - a +2 cloak of willpower (worn)
 O - a +0 buckler
 T - a +2 robe of positive energy (worn)
 Z - a +0 pair of gloves (worn)
Magical Staves
 k - a staff of earth (weapon)
Jewellery
 h - an amulet of reflection (around neck)
 j - a ring of flight
 o - a +6 ring of intelligence (left hand)
 B - the ring "Xiahyvolui" {rN+ Will+ Stlth+}
   (You found it on level 3 of the Lair of Beasts)

   [ring of willpower]

   rN+:       It protects you from negative energy.
   Will+:     It increases your willpower.
   Stlth+:    It makes you more stealthy.
 L - the ring of the Dripping Gods {rC++ Int+4 Dex-4 SInv}
   (You found it in a Gauntlet)

   [ring of see invisible]

   Int+4:     It affects your intelligence (+4).
   Dex-4:     It affects your dexterity (-4).
   rC++:      It greatly protects you from cold.
   SInv:      It lets you see invisible.
 X - the ring of the Enemy (right hand) {EV+5 SInv}
   (You took it off a death knight on level 11 of the Dungeon)

   [ring of evasion]

   EV+5:      It affects your evasion (+5).
   SInv:      It lets you see invisible.
Wands
 x - a wand of digging (2)
 M - a wand of mindburst (19)
 Q - a wand of polymorph (2)
 R - a wand of charming (36)
 U - a wand of flame (18)
 V - a wand of quicksilver (15)
 Y - a wand of iceblast (39)
Scrolls
 e - 3 scrolls of amnesia
 i - a scroll of blinking
 n - 7 scrolls of teleportation
 p - 2 scrolls of noise {unknown}
 t - 5 scrolls of poison
 u - 2 scrolls of revelation {unknown}
 w - a scroll of butterflies {unknown}
 A - 7 scrolls of enchant armour
 C - a scroll of acquirement {unknown}
 F - a scroll of enchant weapon
 G - 3 scrolls of fear
 H - 5 scrolls of fog
 J - 2 scrolls of brand weapon {unknown}
 K - a scroll of identify
Potions
 a - 3 potions of heal wounds
 b - a potion of magic
 c - a potion of ambrosia {unknown}
 f - 5 potions of mutation
 g - 8 potions of curing
 q - a potion of invisibility
 r - a potion of lignification {unknown}
 v - 7 potions of haste
 z - 4 potions of enlightenment
 D - 2 potions of attraction {unknown}
 I - 3 potions of cancellation
 P - 2 potions of brilliance
 S - 3 potions of resistance
 W - a potion of might
Miscellaneous
 s - a condenser vane


   Skills:
 - Level 6.0 Fighting
 - Level 6.0 Armour
 - Level 6.0 Dodging
 - Level 6.0 Stealth
 - Level 6.0 Shields
 - Level 16.0 Spellcasting
 + Level 14.1 Conjurations
 - Level 14.0 Translocations
 - Level 14.0 Earth Magic
 - Level 14.0 Alchemy
 - Level 6.0 Evocations


You had 19 spell levels left.
You knew the following spells:

 Your Spells              Type           Power      Damage    Failure   Level
b - Searing Ray           Conj           100%       2d8       1%          2
c - Iskenderun's Mystic   Conj/Tloc      99%        2d19      (+2d11%     4
d - Bombard               Conj/Erth      61%        9d10      1%          6
f - Fulminant Prism       Conj/Alch      49%        3d20      1%          4
p - Permafrost Eruption   Ice/Erth       47%        2x4d11    5%          6
r - Lee's Rapid Deconstr  Erth           61%        3d28*     1%          5
v - Magic Dart            Conj           100%       1d8       1%          1

Your spell library contained the following spells:

 Spells                   Type           Power      Damage    Failure   Level
 Plasma Beam              Fire/Air       16%        2x1d27    47%         6
 Sandblast                Erth           100%       2d20      1%          1
 Scorch                   Fire           64%        2d7       1%          2
 Dazzling Flash           Conj/Hex       100%       N/A       1%          3
 Mephitic Cloud           Conj/Alch/Air  83%        N/A       1%          3
 Passwall                 Erth           100%       N/A       1%          3
 Stone Arrow              Conj/Erth      100%       3d13      1%          3
 Teleport Other           Tloc           99%        N/A       1%          3
 Volatile Blastmotes      Fire/Tloc      100%       2d18      1%          3
 Ignite Poison            Fire/Alch      74%        N/A       1%          4
 Passage of Golubria      Tloc           99%        N/A       1%          4
 Sticky Flame             Fire/Alch      74%        2d12      1%          4
 Alistair's Intoxication  Alch           66%        N/A       1%          5
 Yara's Violent Unravell  Hex/Alch       37%        3d15      1%          5
 Eringya's Noxious Bog    Alch           49%        4d6       1%          6
 Cigotuvi's Dreadful Rot  Necr/Alch/Air  100%       N/A       2%          2
 Orb of Destruction       Conj           49%        9d13      2%          7
 Dimensional Bullseye     Hex/Tloc       37%        N/A       3%          4
 Dispersal                Tloc           49%        N/A       3%          6
 Gell's Gavotte           Tloc           49%        2d(33-50) 3%          6
 Slow                     Hex            100%       N/A       4%          1
 Summon Small Mammal      Summ           100%       N/A       4%          1
 Conjure Ball Lightning   Conj/Air       37%        3x3d12    5%          6
 Borgnjor's Vile Clutch   Necr/Erth      47%        N/A       6%          5
 Call Canine Familiar     Summ           32%        N/A       10%         3
 Confusing Touch          Hex            32%        N/A       10%         3
 Sigil of Binding         Hex            32%        N/A       10%         3
 Summon Ice Beast         Ice/Summ       32%        N/A       10%         3
 Tukima's Dance           Hex            32%        N/A       10%         3
 Vampiric Draining        Necr           32%        2d8       10%         3
 Spellforged Servitor     Conj/Summ      37%        N/A       21%         7
 Summon Blazeheart Golem  Fire/Summ      32%        N/A       22%         4
 Disjunction              Tloc           49%        N/A       38%         8
 Silence                  Hex/Air        16%        N/A       45%         5
 Summon Mana Viper        Hex/Summ       32%        N/A       45%         5
 Monstrous Menagerie      Summ           16%        N/A       100%        7
 Discord                  Hex            16%        N/A       100%        8
 Ignition                 Fire           16%        3d6       100%        8


Dungeon Overview and Level Annotations

Branches:
Dungeon (15/15)            Temple (1/1) D:5            Lair (5/5) D:11
 Shoals (0/4) Lair:3        Snake (3/4) Lair:3        Slime (0/5) Lair:4
    Orc (2/2) D:10            Elf (0/3) Orc:2        Vaults (0/5) D:14
 Depths (0/4) D:15          Sewer (visited)          Bailey (visited)
Volcano (visited)         Gauntlet (visited)

Altars:
Ashenzari
Cheibriados
Dithmenos
Elyvilon
Fedhas
Gozag
Hepliaklqana
Kikubaaqudgha
Makhleb
Nemelex Xobeh
Okawaru
Qazlal
Ru
Sif Muna
Trog
Uskayaw
Vehumet
Wu Jian
Xom
Yredelemnul
Zin
The Shining One
Jiyva

Shops:
D:4 :   Orc:2 (=[*=   Snake:1 (   Snake:2 *:

Annotations:
D:2 1 runed translucent door, Crazy Yiuf
Snake:3 Aizul, Bai Suzhen


Message History

You erupt in a blast of force!
The mystic blast hits Aizul!!
Aizul is moderately wounded.
Aizul is knocked back by the mystic blast.
You feel very sick.
Unknown command.
Unknown command.
Unknown command.
Casting: Iskenderun's Mystic Blast (safe; 1% risk of failure)
Confirm with . or Enter, or press ? or * to list all spells.
Aiming: Fulminant Prism (safe; 1% risk of failure)
Press: ? - help, Dir - move target You conjure a prism of explosive energy!
A fulminant prism comes into view.
You feel very sick.
Aizul coils herself and waves her upper body at you.
The bolt of poison hits you!!
You are more poisoned.
The black mamba completely misses you.
Unknown command.
Unknown command.
Casting: Fulminant Prism (safe; 1% risk of failure)
Confirm with . or Enter, or press ? or * to list all spells.
You erupt in a blast of force!
The mystic blast hits Aizul!!
Aizul is moderately wounded.
Aizul is knocked back by the mystic blast.
The mystic blast hits the black mamba!
The black mamba is moderately wounded.
The black mamba is knocked back by the mystic blast.
You feel extremely sick.
Aizul hums a lullaby.
Your fulminant prism crackles loudly.
Unknown command.
Unknown command.
Unknown command.
* * * LOW HITPOINT WARNING * * *
You feel extremely sick. Aizul casts a spell at you.
The poison arrow hits you!!
You are more poisoned.
You die...

....# .....####
........###
..........###
...$..*.....#
.......S....#
............#..
.....S.@.....#
...........###
...........#
...........#
...[.......#
###.......##
####....#
###.##


You could see Aizul (ally target), a black mamba and a friendly fulminant prism.

Vanquished Creatures
  Rupert (D:12)
  4 nagarajas (Snake:2)
  An orc warlord (Orc:2)
  A minotaur (Gauntlet)
  7 dire elephants (Lair:5)
  Harold (Orc:1)
  9 hydras
  13 anacondas
  4 vault guards (D:14)
  2 ogre magi
  2 ice dragons (D:15)
  A death knight (D:11)
  6 centaur warriors
  4 boulder beetles
  7 two-headed ogres
  3 death yaks (Lair:1)
  3 naga sharpshooters
  An occultist (D:15)
  3 orc high priests (Orc:2)
  3 tengu warriors
  Urug (Orc:1)
  7 naga warriors
  Nergalle (D:10)
  4 shock serpents (Snake:2)
  Amaemon (Lair:2)
  2 spectral death yaks (Lair:5)
  A spectral anaconda (Lair:5)
  12 mana vipers
  3 lindwurms
  5 orc knights
  An obsidian statue (Lair:5)
  The ghost of markshark the Poker, a novice MiFi of Dithmenos (D:6)
  An obsidian bat (Orc:2)
  8 naga ritualists
  A deep elf pyromancer (D:14)
  3 necromancers (Lair:5)
  A harpy (Lair:3)
  2 oklob plants
  6 orc sorcerers
  Maurice (D:8)
  20 ugly things
  2 salamanders
  6 manticores
  2 cyclopes
  A dire elephant zombie (Lair:5)
  2 kobold blastminers (Orc:2)
  A guardian serpent (Snake:1)
  11 elephants
  2 molten gargoyles (Volcano)
  34 black mambas
  A meliai (shapeshifter) (D:11)
  A gargoyle (D:10)
  5 naga magi
  A rime drake (Lair:1)
  An orange demon (Lair:2)
  Jeremiah (Lair:1)
  7 cane toads
  4 komodo dragons
  A komodo dragon (shapeshifter) (D:13)
  A kobold demonologist (D:12)
  A dire elephant skeleton (Lair:5)
  2 freezing wraiths
  3 efreet (Volcano)
  An unseen horror (D:11)
  A queen bee (Gauntlet)
  6 trolls
  A hornet (D:10)
  A polar bear (shapeshifter) (D:14)
  4 polar bears
  3 blink frogs (Lair:3)
  Prince Ribbit (D:9)
  4 dream sheep (Lair:5)
  4 shadows
  18 slime creatures
  A centaur simulacrum (Gauntlet)
  A spriggan (Lair:4)
  2 vampires
  3 water elementals
  5 wraiths
  2 wyverns
  4 fire elementals (Volcano)
  35 yaks
  5 basilisks
  A steam dragon (D:9)
  3 wargs (Orc:2)
  A death yak simulacrum (Lair:5)
  5 vampire mosquitoes
  2 spectral cane toads (Lair:5)
  28 nagas
  17 water moccasins
  An acid dragon (D:11)
  2 meliai simulacra
  36 orc warriors
  A sky beast (D:7)
  A laughing skull (D:14)
  A black bear (Lair:4)
  An ice dragon simulacrum (Gauntlet)
  A crocodile (Sewer)
  An elephant zombie (Lair:5)
  3 ice beasts
  29 wolves
  6 ogres
  2 centaurs
  2 elephant skeletons (Lair:5)
  9 kobold brigands
  A brain worm (Sewer)
  3 gnoll sergeants
  11 bullfrogs
  2 cane toad simulacra (Lair:5)
  4 scorpions
  4 earth elementals (Volcano)
  9 wights
  15 killer bees
  3 elephant simulacra (Lair:5)
  7 howler monkeys
  13 electric eels
  A bombardier beetle (D:5)
  2 hounds
  3 gnoll boudas
  4 jellies
  30 orc priests
  3 sleepcaps
  7 iguanas
  29 orc wizards
  Terence (D:3)
  Robin (D:3)
  22 gnolls
  9 adders
  5 river rats (Sewer)
  A shadow imp (D:4)
  3 dart slugs
  2 ribbon worms (D:5)
  75 orcs
  10 ball pythons
  10 endoplasms
  3 giant cockroaches
  7 hobgoblins
  5 jackals
  2 quokkas
  9 bats
  7 frilled lizards
  13 goblins
  20 kobolds
  8 rats
  A fulminant prism (D:15)
868 creatures vanquished.

Vanquished Creatures (others)
  388 fulminant prisms
388 creatures vanquished.

Grand Total: 1256 creatures vanquished

Notes
Turn   | Place    | Note
-------+----------+-------------------------------------------
     0 | D:1      | GnamariM the Deep Elf Conjurer began the quest for the Orb.
     0 | D:1      | Reached XP level 1. HP: 10/10 MP: 6/6
   334 | D:1      | Reached XP level 2. HP: 15/15 MP: 2/8
   339 | D:1      | Learned a level 2 spell: Searing Ray
   816 | D:1      | Reached skill level 4 in Spellcasting
   855 | D:1      | Reached skill level 5 in Conjurations
   855 | D:1      | Reached XP level 3. HP: 19/19 MP: 3/10
  2127 | D:2      | Found a runed translucent door.
  2128 | D:2      | Noticed Crazy Yiuf
  2283 | D:3      | Found a faded altar of an unknown god.
  2561 | D:3      | Reached XP level 4. HP: 24/24 MP: 5/12
  2566 | D:3      | Learned a level 4 spell: Fulminant Prism
  2571 | D:3      | Learned a level 4 spell: Iskenderun's Mystic Blast
  2720 | D:3      | Noticed Robin
  2732 | D:3      | Reached skill level 5 in Spellcasting
  2735 | D:3      | Killed Robin
  3037 | D:3      | Reached XP level 5. HP: 28/28 MP: 4/14
  3210 | D:3      | Noticed Terence
  3727 | D:4      | Found Ycko's Book Emporium.
  3782 | D:4      | Reached skill level 1 in Alchemy
  3863 | D:4      | Reached skill level 1 in Translocations
  3974 | D:4      | Reached skill level 6 in Spellcasting
  4064 | D:4      | Reached XP level 6. HP: 32/32 MP: 12/17
  4290 | D:4      | Identified the +1 dagger "Ruzil" {heavy, rF+ Dex+4}
  4416 | D:5      | Entered Level 5 of the Dungeon
  4662 | D:5      | Found a glowing drain.
  4779 | Sewer    | Entered a sewer
  5382 | Sewer    | Reached XP level 7. HP: 27/36 MP: 9/18
  6051 | D:5      | Reached skill level 7 in Spellcasting
  6299 | D:5      | Reached XP level 8. HP: 41/41 MP: 13/21
  6301 | D:5      | Found an iron altar of Okawaru.
  6548 | D:5      | Found a burning altar of Makhleb.
  6558 | D:5      | Found an ancient bone altar of Kikubaaqudgha.
  6693 | D:5      | Found a staircase to the Ecumenical Temple.
  6699 | D:5      | Got the Incunable of Citrinitas and the Summer
  6702 | Temple   | Entered the Ecumenical Temple
  6711 | Temple   | Became a worshipper of Vehumet
  7054 | D:6      | Found a large runed translucent door.
  7054 | D:6      | Found a large runed translucent door.
  7060 | D:6      | Noticed markshark's ghost (novice MiFi)
  7163 | D:6      | Reached skill level 8 in Spellcasting
  7186 | D:6      | Found a sparkling altar of Nemelex Xobeh.
  7210 | D:6      | Reached * piety under Vehumet
  7210 | D:6      | Offered knowledge of Foxfire by Vehumet.
  7501 | D:6      | Reached skill level 5 in Translocations
  7501 | D:6      | Reached skill level 5 in Alchemy
  8491 | D:7      | Reached skill level 1 in Earth Magic
  8678 | D:7      | Reached XP level 9. HP: 45/45 MP: 18/23
  8899 | D:7      | Reached skill level 9 in Spellcasting
  9794 | D:8      | Found a shimmering altar of Xom.
  9794 | D:8      | Found a shimmering altar of Xom.
  9807 | D:8      | Reached ** piety under Vehumet
  9807 | D:8      | Offered knowledge of Static Discharge by Vehumet.
  9959 | D:8      | Noticed Maurice
  9972 | D:8      | Found a flagged portal.
 10075 | D:8      | Killed Maurice
 10076 | D:8      | Reached skill level 10 in Spellcasting
 10108 | Bailey   | Entered a bailey
 10199 | Bailey   | Reached XP level 10. HP: 50/50 MP: 20/26
 10355 | Bailey   | Noticed an orc knight
 10412 | Bailey   | Killed an orc knight
 10586 | Bailey   | Found a burning altar of Makhleb.
 10640 | D:8      | Found a shimmering altar of Xom.
 10640 | D:8      | Found a shimmering altar of Xom.
 10640 | D:8      | Found a shimmering altar of Xom.
 10765 | D:8      | Found a shimmering altar of Xom.
 10818 | D:8      | Found a shimmering altar of Xom.
 10820 | D:8      | Found a shimmering altar of Xom.
 10821 | D:8      | Found a shimmering altar of Xom.
 10954 | D:8      | Found an opulent altar of Gozag.
 11013 | D:9      | Noticed Prince Ribbit
 11017 | D:9      | Killed Prince Ribbit
 11147 | D:9      | Offered knowledge of Frozen Ramparts by Vehumet.
 11791 | D:9      | Reached skill level 11 in Spellcasting
 11791 | D:9      | Reached skill level 10 in Conjurations
 11809 | D:9      | Reached *** piety under Vehumet
 11947 | D:9      | Found a hide-covered altar of Uskayaw.
 11990 | D:9      | Found a stormy altar of Qazlal.
 12261 | D:9      | Offered knowledge of Volatile Blastmotes by Vehumet.
 12742 | D:10     | Entered Level 10 of the Dungeon
 12742 | D:10     | Noticed Nergalle
 12904 | D:10     | Found a staircase to the Orcish Mines.
 13150 | D:10     | Killed Nergalle
 13151 | D:10     | Reached XP level 11. HP: 54/54 MP: 16/28
 13307 | D:10     | Identified the +4 robe of Lethargy {Rampage rPois rF- rN+}
 14398 | D:11     | Reached skill level 5 in Earth Magic
 14584 | D:11     | Reached skill level 12 in Spellcasting
 14638 | D:11     | Identified the ring of the Enemy {EV+5 SInv}
 14638 | D:11     | Noticed a death knight
 14652 | D:11     | Killed a death knight
 14652 | D:11     | Reached **** piety under Vehumet
 14755 | D:11     | Noticed a centaur warrior
 14938 | D:11     | Noticed a boulder beetle
 15143 | D:11     | Noticed a two-headed ogre
 15179 | D:11     | Killed a two-headed ogre
 15278 | D:11     | Killed a boulder beetle
 15290 | D:11     | Noticed a two-headed ogre
 15297 | D:11     | Killed a two-headed ogre
 15690 | D:11     | Identified the +4 chain mail "Kazumuubb" {Harm *Corrode
                  | Str+2 Int+5}
 15690 | D:11     | Noticed a tengu warrior
 15911 | D:11     | Identified the +5 scale mail of Least Resistance {Will+}
 15978 | D:11     | Killed a centaur warrior
 16101 | D:11     | Killed a tengu warrior
 16102 | D:11     | Reached skill level 13 in Spellcasting
 16226 | D:11     | Found a staircase to the Lair.
 16347 | Lair:1   | Entered Level 1 of the Lair of Beasts
 16395 | D:11     | Noticed an ogre mage
 16401 | D:11     | Killed an ogre mage
 16402 | D:11     | Reached skill level 10 in Translocations
 16402 | D:11     | Reached skill level 10 in Alchemy
 16402 | D:11     | Reached XP level 12. HP: 59/59 MP: 26/31
 17422 | Lair:1   | Noticed a death yak
 17442 | Lair:1   | Killed a death yak
 17533 | Lair:1   | Noticed Jeremiah
 17539 | Lair:1   | Killed Jeremiah
 17539 | Lair:1   | Offered knowledge of Lee's Rapid Deconstruction by Vehumet.
 17546 | Lair:1   | Learned a level 5 spell: Lee's Rapid Deconstruction
 17590 | Lair:1   | Reached skill level 14 in Spellcasting
 17702 | Lair:1   | Noticed a death yak
 17741 | Lair:1   | Noticed a death yak
 17748 | Lair:1   | Killed a death yak
 17762 | Lair:1   | Killed a death yak
 18482 | Lair:2   | Found a gate leading to a gauntlet.
 18491 | Gauntlet | Entered a Gauntlet
 18491 | Gauntlet | Found a transporter.
 18491 | Gauntlet | Found a transporter.
 18499 | Gauntlet | Found a transporter.
 18503 | Gauntlet | Found a transporter.
 18512 | Gauntlet | Found a transporter.
 18515 | Gauntlet | Found a transporter.
 18520 | Gauntlet | Noticed a balrug
 18528 | Gauntlet | Found a transporter.
 18540 | Gauntlet | Found a transporter.
 18554 | Gauntlet | Found a transporter.
 18558 | Gauntlet | Found a transporter.
 18559 | Gauntlet | Found a runed translucent door.
 18569 | Gauntlet | Found a transporter.
 18570 | Gauntlet | Found a transporter.
 18617 | Gauntlet | Identified the +1 helmet of Absolutism {rElec}
 18622 | Gauntlet | Reached skill level 1 in Fighting
 18730 | Gauntlet | Identified the +2 helmet of the Iron Devil {rN+ Int+3
                  | Dex-5}
 18753 | Gauntlet | Identified the ring of the Dripping Gods {rC++ Int+4 Dex-4
                  | SInv}
 18895 | Gauntlet | Noticed a minotaur
 18956 | Gauntlet | Killed a minotaur
 18975 | Gauntlet | Identified the +0 scale mail of the Elephantaur {rPois rC+
                  | rN+++ Dex-2}
 19305 | Lair:2   | Noticed a five-headed hydra
 19313 | Lair:2   | Killed a five-headed hydra
 19479 | Lair:2   | Noticed a seven-headed hydra
 19490 | Lair:2   | Killed a seven-headed hydra
 19641 | Lair:2   | Reached XP level 13. HP: 68/68 MP: 29/33
 19643 | Lair:2   | Noticed Amaemon
 19653 | Lair:2   | Killed Amaemon
 19654 | Lair:2   | Reached skill level 15 in Spellcasting
 20060 | Lair:3   | Found a dark tunnel.
 20111 | Volcano  | Entered a volcano
 20111 | Volcano  | Found a shimmering altar of Xom.
 20118 | Volcano  | Reached ***** piety under Vehumet
 20118 | Volcano  | Offered knowledge of Eringya's Noxious Bog by Vehumet.
 21238 | Lair:3   | Found a staircase to the Shoals.
 21524 | Lair:3   | Identified the ring "Xiahyvolui" {rN+ Will+ Stlth+}
 21947 | Lair:3   | Found a staircase to the Snake Pit.
 22256 | Lair:4   | Reached skill level 16 in Spellcasting
 22478 | Lair:4   | Reached skill level 10 in Earth Magic
 22585 | Lair:4   | Found a staircase to the Slime Pits.
 22585 | Lair:4   | Found a viscous altar of Jiyva.
 22859 | Lair:4   | Reached skill level 5 in Fighting
 22906 | Lair:4   | Reached skill level 1 in Armour
 23679 | D:4      | Bought a book of Dangerous Friends for 546 gold pieces
 23910 | Lair:5   | Entered Level 5 of the Lair of Beasts
 23910 | Lair:5   | Found a bloodstained altar of Trog.
 24290 | Lair:5   | Reached XP level 14. HP: 78/78 MP: 29/36
 24338 | Lair:5   | Reached skill level 5 in Armour
 24781 | Lair:5   | Reached skill level 5 in Dodging
 25139 | Lair:5   | Offered knowledge of Bombard by Vehumet.
 25147 | Lair:5   | Learned a level 6 spell: Bombard
 25225 | Lair:5   | Reached skill level 5 in Stealth
 25365 | Lair:5   | Identified the ring "Xaitoxt" {*Slow Will+ Int+4}
 25392 | Lair:5   | Reached skill level 1 in Evocations
 25897 | Lair:5   | Identified the +1 mace of Evolution {heavy, rElec Str+4}
 26079 | Lair:5   | Reached skill level 5 in Evocations
 27112 | D:4      | Bought Great Wizards, Vol. VII for 390 gold pieces
 27998 | D:12     | Found a hazy altar of Hepliaklqana.
 28721 | D:13     | Found a bloodstained altar of Trog.
 29375 | D:13     | Identified the +5 dagger "Luclov" {heavy, rElec Int+7
                  | Dex-5}
 30020 | D:14     | Found a gate to the Vaults.
 30026 | D:14     | Reached XP level 15. HP: 82/82 MP: 27/37
 30192 | D:14     | Identified the -1 pair of boots of Twilight {+Blink Fly
                  | Dex-4 Slay-6}
 30859 | D:14     | Offered knowledge of Freezing Cloud by Vehumet.
 31257 | D:15     | Entered Level 15 of the Dungeon
 31451 | D:15     | Found a blossoming altar of Fedhas.
 32255 | D:15     | Reached skill level 1 in Shields
 32406 | D:15     | Found a staircase to the Depths.
 32705 | D:12     | Noticed Rupert
 32710 | D:12     | Killed Rupert
 32767 | Orc:1    | Entered Level 1 of the Orcish Mines
 32767 | Orc:1    | Noticed Harold
 32775 | Orc:1    | Killed Harold
 32931 | Orc:1    | Noticed Urug
 32934 | Orc:1    | Killed Urug
 33320 | Orc:2    | Entered Level 2 of the Orcish Mines
 34111 | Orc:2    | Reached ****** piety under Vehumet
 34134 | Orc:2    | Offered knowledge of Magnavolt by Vehumet.
 34204 | Orc:2    | Reached skill level 5 in Shields
 35147 | Orc:2    | Found Qoddisaz's Jewellery Shoppe.
 35165 | Orc:2    | Found a staircase to the Elven Halls.
 35506 | Orc:2    | Found Xefirout's General Store.
 35507 | Orc:2    | Found Cuerebeg's Jewellery Emporium.
 35509 | Orc:2    | Found Naippydarph's Antique Armour Emporium.
 35509 | Orc:2    | Found Yneuhuyll's Antique Weapon Shoppe.
 35524 | Orc:2    | Bought a scroll of identify for 28 gold pieces
 35524 | Orc:2    | Bought a sack of spiders for 560 gold pieces
 35524 | Orc:2    | Bought a scroll of fog for 56 gold pieces
 35524 | Orc:2    | Bought a potion of heal wounds for 70 gold pieces
 35701 | Orc:2    | Upgraded the game from 0.32-a0-986-ga09f62fbf4 to
                  | 0.32-a0-995-gb4a59205af
 35966 | D:3      | Killed Terence
 36054 | D:6      | Killed markshark's ghost
 36313 | Snake:1  | Entered Level 1 of the Snake Pit
 36340 | Snake:1  | Reached XP level 16. HP: 86/88 MP: 19/38
 36670 | Snake:1  | Offered knowledge of Permafrost Eruption by Vehumet.
 36772 | Snake:1  | Learned a level 6 spell: Permafrost Eruption
 36930 | Snake:1  | You fall into a shaft and drop 1 floor!
 36930 | Snake:2  | Found Bihoydgh's Book Shoppe.
 36943 | Snake:2  | Found Iraevvim's Gadget Gallery.
 37803 | Snake:2  | Bought a wand of iceblast (4) for 153 gold pieces
 37803 | Snake:2  | Bought a condenser vane for 640 gold pieces
 38070 | Snake:1  | Found the +0 cloak of the Thief {Quiet Slay-3 SInv Stlth+}
 38339 | Snake:1  | Found Arunus's Weapon Shop.
 39451 | Snake:2  | Offered knowledge of Plasma Beam by Vehumet.
 40289 | Snake:3  | Noticed Bai Suzhen
 40327 | Snake:3  | Identified the serpent talisman "Puqy" {*Corrode rF+++
                  | Int-2 Slay+5}
 40327 | Snake:3  | Noticed Aizul
 40332 | Snake:3  | Killed from afar by Aizul

Illustrated notes

Levels and vault maps discovered:
D:1:      nagdon_arrival_zigzag_paths, layout_basic
D:2:      layout_loops_ring, minmay_pentomino_u2, uniq_crazy_yiuf_cottage
D:3:      layout_basic, ebering_ecumenical_altar_abandoned, uniq_robin,
          uniq_terence
D:4:      layout_loops_ring, nicolae_take_the_stairs
D:5:      layout_rooms, amethyst_overflow_temple_binary,
          okawaru_ov_weapons_minmay, minmay_temple_entry_offerings,
          cheibrodos_sewer_entry_bend, nrook_mini_vaults
D:6:      layout_loops_cross, nemelex_diamond_rough_becter,
          ebering_ghost_disaster_area, minivault_22
D:7:      layout_gridville, kennysheep_generic_room_7
D:8:      layout_cave_pools, xom_shifter_show, grunt_gozag_statues,
          enter_bailey_1, uniq_maurice
D:9:      layout_basic, mainiacjoe_overflow_six_doors_small,
          nicolae_qazlal_style_of_elements, kennysheep_generic_room_8,
          uniq_prince_ribbit1
D:10:     nicolae_moon_pools, layout_loops_ring, orc_0_dummy, kennysheep_potato,
          uniq_nergalle
D:11:     minmay_the_grid_plus_closed [minmay_the_grid_stretched_grid,
          minmay_the_grid_doors, minmay_the_grid_outer_diamond,
          minmay_the_grid_diamond_grid, minmay_the_grid_prize_trominoes],
          layout_loops_corners, lair_entry_dummy
D:12:     layout_small_grid, grunt_decor_resistance, nzn_hepliaklqana_mist_gate,
          uniq_rupert
D:13:     layout_roguey, serial_bayou, serial_bayou_pond_b, serial_bayou_ford_a,
          serial_bayou_crossing, serial_bayou_shore_a, nicolae_two_hexagons,
          trog_three_pillars_becter
D:14:     layout_gridville, lightli_vaults_fourway_checkpoint,
          serial_park_fountain
D:15:     grunt_enter_depths_hoard, layout_long_grid, fedhas_altar_1,
          feat_on_display
Temple:   nicolae_temple_two_arcs
Lair:1:   layout_gridlike, minmay_lair_oklob_bushes, uniq_jeremiah
Lair:2:   layout_hall_layers, gauntlet_entry_generic,
          infiniplex_staircase_pool_2, grunt_megastairs_5, uniq_amaemon
Lair:3:   layout_roguey, nicolae_shoals_entry_roost, dummy_snake_entry,
          nicolae_volcano_entry_hallway, small_statue_intersection,
          grunt_megastairs_3
Lair:4:   layout_cave_pods, slime_entry_1, grunt_forest_stairs_clearing
Lair:5:   due_jungle_book, layout_regular_city, basic_altar
Snake:1:  layout_cave_pods, serial_shops, nicolae_shop_window_shopping,
          guppyfry_snake_island
Snake:2:  nicolae_snake_hallway, layout_basic, serial_shops,
          nicolae_shop_just_a_little_nook, nicolae_shop_gadgets
Snake:3:  layout_cave_pods, serial_shops, shop, nicolae_snake_snakewalk,
          uniq_bai_suzhen, uniq_aizul
Orc:1:    layout_caves, serial_shops, shop, uniq_urug, uniq_harold
Orc:2:    st_orc_congregation, layout_caves, serial_shops,
          nicolae_shop_real_fake_doors

Skill      XL: |  1  2  3  4  5  6  7  8  9 10 11 12 13 14 15 16 |
---------------+-------------------------------------------------+-----
Spellcasting   | 4 5 6 7 8 10 11 13 14 16 | 16.0
Conjurations   | 5 6 7 8 9 10 11 13 14 | 14.1
Alchemy        | 1 2 3 5 7 8 10 11 12 14 | 14.0
Translocations | 1 2 3 5 7 8 10 11 12 14 | 14.0
Earth Magic    | 1 3 4 5 8 10 11 12 14 | 14.0
Fighting       | 3 5 6 |  6.0
Armour         | 4 5 6 |  6.0
Dodging        | 5 6 |  6.0
Stealth        | 5 6 |  6.0
Evocations     | 5 6 |  6.0
Shields        | 6 |  6.0

Action                     |  1- 3 |  4- 6 |  7- 9 | 10-12 | 13-15 | 16-18 || total
---------------------------+-------+-------+-------+-------+-------+-------++-------
  Melee: Unarmed           |    41 |       |       |       |       |       ||    41
         Dagger            |       |     8 |    11 |       |       |       ||    19
         Staff             |       |       |       |    58 |     8 |       ||    66
   Cast: Magic Dart        |    92 |   145 |   162 |   128 |   130 |       ||   657
         Searing Ray       |     1 |     9 |    22 |     5 |       |       ||    37
         Iskenderun's Myst |       |     1 |     8 |    46 |    43 |     6 ||   104
         Fulminant Prism   |       |     1 |    33 |   179 |   151 |    29 ||   393
         Lee's Rapid Decon |       |       |       |    16 |   182 |    93 ||   291
         Bombard           |       |       |       |       |   195 |    66 ||   261
         Permafrost Erupti |       |       |       |       |       |     1 ||     1
  Evoke: Wand              |       |       |     6 |     3 |     3 |     3 ||    15
    Use: Scroll            |       |     5 |     6 |     9 |     6 |       ||    26
         Potion            |       |       |     3 |     5 |     1 |       ||     9
 Armour: Robe              |     3 |     9 |    27 |    39 |    56 |    24 ||   158
         Leather armour    |       |       |       |       |     8 |       ||     8
  Dodge: Dodged            |     1 |    17 |    22 |    34 |    40 |     9 ||   123
  Block: Other             |       |     7 |    12 |    14 |       |       ||    33
         Reflection        |       |     1 |     1 |     5 |       |       ||     7

Table legend: (Time is in decaauts)
 A = Elapsed time spent in this place.
 B = Non-inter-level travel time spent in this place.
 C = Inter-level travel time spent in this place.
 D = Time resting spent in this place.
 E = Time spent auto-exploring this place.
 F = Levels seen in this place.
 G = Mean time per level.
                   A        B        C        D        E       F      G
               +--------+--------+--------+--------+--------+-----+--------+
         Total |  40460 |  36090 |   4370 |   1926 |  27812 |  30 | 1348.7 |
       Dungeon |  22201 |  19573 |   2628 |    728 |  15799 |  15 | 1480.1 |
        Temple |     18 |     10 |      8 |      0 |      0 |   1 |   18.0 |
          Lair |   8663 |   7396 |   1267 |    474 |   5651 |   5 | 1732.6 |
     Snake Pit |   3888 |   3537 |    351 |      0 |   2975 |   3 | 1296.0 |
  Orcish Mines |   2737 |   2622 |    115 |    111 |   2105 |   2 | 1368.5 |
         Sewer |   1239 |   1239 |      0 |    160 |    776 |   1 | 1239.0 |
        Bailey |    509 |    509 |      0 |     26 |    299 |   1 |  509.0 |
       Volcano |    614 |    614 |      0 |    349 |     36 |   1 |  614.0 |
      Gauntlet |    588 |    588 |      0 |     78 |    170 |   1 |  588.0 |
               +--------+--------+--------+--------+--------+-----+--------+

Top non-repeatable levels by time:
    D:11: 2690 daAuts
  Lair:5: 2350 daAuts
    D:10: 2251 daAuts
   Orc:2: 2123 daAuts
 Snake:2: 2117 daAuts
  Lair:4: 1995 daAuts
     D:9: 1829 daAuts
  Lair:1: 1777 daAuts
 Snake:1: 1762 daAuts
     D:7: 1652 daAuts
    D:13: 1606 daAuts
     D:6: 1559 daAuts
    D:14: 1506 daAuts
  Lair:3: 1487 daAuts
     D:1: 1330 daAuts
